 Dungeon Crawl Stone Soup version 0.31.0-11-ge490571c62 (webtiles) character file.

Game seed: 9694438034738140992

8753 browni3141 the Cleaver (level 11, -1/97 HPs)
             Began as a Minotaur Fighter on Jan 28, 2024.
             Was a High Priest of Okawaru.
             Slain by a water moccasin (3 damage)
             ... on level 2 of the Lair of Beasts.
             The game lasted 00:05:42 (7633 turns).

browni3141 the Cleaver (Minotaur Fighter)           Turns: 7633, Time: 00:05:42

Health: -1/97      AC:  9    Str: 24    XL:     11   Next: 14%
Magic:  22/22      EV: 10    Int:  5    God:    Okawaru [*****.]
Gold:   710        SH:  7    Dex: 18    Spells: 10/10 levels left

rFire   . . .        K - +1 war axe (freeze)
rCold   . . .        c - +0 buckler
rNeg    . . .        H - +0 ring mail of Gioz {Rampage MP+9 Dex+7}
rPois   .            (helmet restricted)
rElec   .            (no cloak)
rCorr   .            l - +0 pair of gloves
SInv    +            F - +0 pair of boots
Will    .....        s - amulet of regeneration
Stlth   +            C - ring of see invisible
HPRegen 1.16/turn    (no ring)
MPRegen 0.18/turn

%: rampage
@: lethally poisoned (-1 -> -16), studying Long Blades
A: horns 2, retaliatory headbutt
a: Renounce Religion, Heroism, Finesse, Duel


You were on level 2 of the Lair of Beasts.
You worshipped Okawaru.
Okawaru was extremely pleased with you.
You visited 3 branches of the dungeon, and saw 11 of its levels.
You also visited: Sewer.

You collected 710 gold pieces.

Inventory:

Hand Weapons
 a - a +1 war axe
 K - a +1 war axe of freezing (weapon)
Missiles
 i - 3 javelins (quivered)
 j - 15 boomerangs
 y - a throwing net
Armour
 b - a +0 scale mail
 c - a +0 buckler (worn)
 l - a +0 pair of gloves (worn)
 m - a +0 chain mail
 F - a +0 pair of boots (worn)
 H - the +0 ring mail of Gioz (worn) {Rampage MP+9 Dex+7}
   (You found it on level 7 of the Dungeon)

   Dex+7:     It affects your dexterity (+7).
   MP+9:      It affects your magic capacity (+9).
   Rampage:   It bestows one free step when moving towards enemies.
Jewellery
 s - an amulet of regeneration (around neck)
 C - a ring of see invisible (left hand)
Wands
 r - a wand of acid (12)
 u - a wand of flame (38)
 v - a wand of paralysis (13)
 x - a wand of polymorph (5)
 J - a wand of roots (18)
 M - a wand of mindburst (10)
 N - a wand of digging (8)
Scrolls
 e - a scroll of silence
 g - 4 scrolls of teleportation
 h - 4 scrolls of enchant armour
 k - a scroll of noise
 n - a scroll of amnesia
 o - 2 scrolls of summoning
 p - 3 scrolls of vulnerability
 q - a scroll of fog
 A - a scroll of blinking
Potions
 d - 3 potions of might
 f - 4 potions of enlightenment
 t - 2 potions of curing
 w - 3 potions of degeneration
 z - 2 potions of brilliance {unknown}
 B - 2 potions of ambrosia {unknown}
 D - a potion of magic {unknown}
 G - 2 potions of haste {unknown}
 L - a potion of cancellation {unknown}
 O - a potion of attraction {unknown}


   Skills:
 + Level 9.4 Fighting
 * Level 12.2 Axes
 + Level 4.1 Throwing
 + Level 9.4 Armour
 + Level 9.3 Shields
 + Level 4.0 Invocations
 + Level 2.5 Evocations


You had 10 spell levels left.
You didn't know any spells.
Your spell library contained the following spells:

 Spells                   Type           Power      Damage    Failure   Level
 Magic Dart               Conj           0%         1d3       65%         1
 Slow                     Hex            0%         N/A       65%         1
 Blink                    Tloc           0%         N/A       80%         2
 Confusing Touch          Hex            0%         N/A       95%         3
 Dazzling Flash           Conj/Hex       0%         N/A       95%         3
 Mephitic Cloud           Conj/Alch/Air  0%         N/A       95%         3
 Sigil of Binding         Hex            0%         N/A       95%         3
 Vampiric Draining        Necr           0%         2d6       95%         3
 Ignite Poison            Fire/Alch      0%         N/A       100%        4
 Sticky Flame             Fire/Alch      0%         2d4       100%        4
 Curse of Agony           Necr           0%         N/A       100%        5
 Silence                  Hex/Air        0%         N/A       100%        5
 Ignition                 Fire           0%         3d3       100%        8
 Call Imp                 Summ           Unusable   N/A       N/A         2

Dungeon Overview and Level Annotations

Branches:
Dungeon (8/15)             Temple (1/1) D:6            Lair (2/5) D:8
  Snake (0/4) Lair:2        Sewer (visited)
  Swamp: Lair:2-3    Shoals: Lair:2-3

Altars:
Ashenzari
Cheibriados
Dithmenos
Elyvilon
Fedhas
Gozag
Hepliaklqana
Kikubaaqudgha
Makhleb
Nemelex Xobeh
Okawaru
Qazlal
Sif Muna
Trog
Uskayaw
Yredelemnul
Zin
The Shining One

Shops:
D:5 *

Annotations:
D:4 1 runed translucent door, Bobbunny's ghost, amateur MfSh


Innate Abilities, Weirdness & Mutations

You have a pair of horns on your head.
You reflexively headbutt those who attack you in melee.


Message History

You feel sick.
You are no longer poisoned.
The killer bee misses you. The killer bee barely misses you.
You climb upwards.
There is a stone staircase leading down here.
You miss the killer bee.
You headbutt the killer bee, but do no damage.
The killer bee is severely wounded.
The killer bee closely misses you.
You miss the killer bee.
The killer bee is severely wounded.
You block the killer bee's attack.
The killer bee stings you but does no damage.
You hit the killer bee but do no damage.
You headbutt the killer bee.
The killer bee is almost dead.
The killer bee stings you but does no damage.
You block the killer bee's attack.
You barely miss the killer bee.
The killer bee is almost dead.
The killer bee closely misses you. The killer bee barely misses you.
You slash the killer bee! You freeze the killer bee.
You kill the killer bee!
Okawaru accepts your kill.
No target in view!
No target in view!
HP restored.
There is a dry fountain here.
There is a stone staircase leading down here.
You climb downwards.
You hear a distant snort.
Hark!
There is a gateway to a gauntlet on this level.
Find the entrance quickly before the gate is sealed!
You hear the beating of a very distant drum.
The bullfrog croaks.
The water moccasin hisses angrily.
The komodo dragon bites you.
There is a stone staircase leading up here.
You hit the komodo dragon but do no damage.
You hit the plant.
The plant begins to die.
You freeze the plant. You hit the bullfrog. You freeze the bullfrog.
You block the bullfrog's attack. The komodo dragon barely misses you.
You furiously retaliate!
You headbutt the komodo dragon. You closely miss the komodo dragon.
The komodo dragon is lightly wounded.
You slash the bullfrog! You freeze the bullfrog. You slash the plant!
You freeze the plant. You block the bullfrog's attack. x2
The komodo dragon bites you!!
You closely miss the bullfrog.
The bullfrog is severely wounded.
You hit the komodo dragon.
The komodo dragon seems to slow down.
You freeze the komodo dragon. You hit the plant. You freeze the plant.
The bullfrog hits you.
You closely miss the bullfrog. Your headbutt misses the bullfrog.
The bullfrog is severely wounded.
You hit the plant. You freeze the plant. You barely miss the komodo dragon.
A nearby plant withers and dies.
The komodo dragon is no longer moving slowly.
The bullfrog hits you but does no damage.
The komodo dragon barely misses you. The bullfrog barely misses you.
You hit the bullfrog. You freeze the bullfrog.
You kill the bullfrog!
Okawaru accepts your kill.
You hit the komodo dragon. You freeze the komodo dragon.
You closely miss the water moccasin. The water moccasin bites you.
You are poisoned.
The water moccasin poisons you!
The komodo dragon bites you but does no damage.
The water moccasin bites you.
You closely miss the komodo dragon.
The komodo dragon is moderately wounded.
You hit the water moccasin. You freeze the water moccasin.
You feel sick. You block the komodo dragon's attack.
You block the water moccasin's attack.
You slash the komodo dragon! You freeze the komodo dragon.
Your headbutt misses the komodo dragon.
The komodo dragon is severely wounded.
You hit the water moccasin but do no damage.
You feel sick. The water moccasin closely misses you. You furiously retaliate!
You headbutt the water moccasin! The komodo dragon bites you!!
You hit the water moccasin but do no damage.
The water moccasin is almost dead.
You hit the komodo dragon. You freeze the komodo dragon.
You feel sick. The water moccasin closely misses you.
The komodo dragon closely misses you.
You hit the water moccasin but do no damage.
The water moccasin is almost dead.
You hit the komodo dragon. You freeze the komodo dragon.
You feel sick. The water moccasin bites you.
You are more poisoned.
The water moccasin poisons you! You block the komodo dragon's attack.
You hit the komodo dragon but do no damage.
The komodo dragon is almost dead.
You barely miss the water moccasin.
You feel very sick. You block the water moccasin's attack.
The water moccasin bites you.
You are more poisoned.
The water moccasin poisons you!
You hit the komodo dragon but do no damage.
The komodo dragon is almost dead.
You hit the water moccasin but do no damage.
You feel very sick. The komodo dragon bites you!! The water moccasin bites you.
You die...

*,,,,**,**,,,,,,,,,,,,
*#...,*****.#,,,,*,,,,
##...** *#.P,,,,,,**,
#....,####..,,,,,*,,,,
#....#..#.#,,,,,,*,,,,
*#........,,.,,,,,,,,,
#.P....##..#*,,*,,,,,
##^..S....#..,,,,,,,,,
#P..†@.......,,,,,,,,,
##..l.##.....,,,,,,,,,
#P.....,,,...,,,,,,,,*
##..####,,,*#*,,,,,,,*
#..#* *******,,,,,,,*
##.** *,*,,,,,,,*
*.,,* *,,,,,,,,,,
##,** ***,,,,,,,, *,**
**,,,,,,,,


You could see a komodo dragon and a water moccasin.

Vanquished Creatures
  A cyclops (D:7)
  An elephant (D:8)
  3 cane toads (Lair:1)
  2 rime drakes (Lair:1)
  2 komodo dragons
  A shadow (D:8)
  A wyvern (D:7)
  6 yaks
  A steam dragon (D:7)
  3 water moccasins
  An orc warrior (D:8)
  2 black bears (D:8)
  2 sky beasts (D:7)
  An ice beast (D:7)
  11 wolves (Lair:1)
  2 centaurs
  7 bullfrogs
  5 scorpions
  12 wights
  10 killer bees
  2 howler monkeys (D:8)
  2 hounds (D:5)
  2 bombardier beetles
  3 jellies
  3 orc priests
  2 sleepcaps
  2 iguanas
  4 orc wizards
  Robin (D:3)
  14 adders
  13 gnolls
  A shadow imp (D:8)
  2 ufetubi (D:7)
  15 dart slugs
  3 ribbon worms
  25 orcs
  17 ball pythons
  5 bats
  9 endoplasms
  14 giant cockroaches
  16 goblins
  11 hobgoblins
  17 jackals
  5 quokkas
  10 frilled lizards
  11 kobolds
  5 rats
288 creatures vanquished.

Vanquished Creatures (collateral kills)
  An orc (D:6)
1 creature vanquished.

Grand Total: 289 creatures vanquished

Notes
Turn   | Place    | Note
-------+----------+-------------------------------------------
     0 | D:1      | browni3141 the Minotaur Fighter began the quest for the
                  | Orb.
     0 | D:1      | Reached XP level 1. HP: 19/19 MP: 0/0
    57 | D:1      | Reached XP level 2. HP: 27/27 MP: 1/1
   134 | D:1      | Reached skill level 3 in Axes
   474 | D:1      | Reached XP level 3. HP: 33/33 MP: 2/2
   820 | D:2      | Reached XP level 4. HP: 40/40 MP: 3/3
   991 | D:2      | Reached skill level 4 in Axes
  1660 | D:3      | Found a broken altar of Ashenzari.
  1766 | D:3      | Found a snail-covered altar of Cheibriados.
  1766 | D:3      | Found an ancient bone altar of Kikubaaqudgha.
  1782 | D:3      | Reached XP level 5. HP: 43/47 MP: 4/4
  1806 | D:3      | Found a sparkling altar of Nemelex Xobeh.
  1987 | D:3      | Noticed Robin
  1999 | D:3      | Killed Robin
  2276 | D:3      | Reached skill level 5 in Axes
  2338 | D:4      | Found a glowing drain.
  2359 | Sewer    | Entered a sewer
  2402 | Sewer    | Reached XP level 6. HP: 55/55 MP: 5/5
  2477 | Sewer    | Reached skill level 5 in Armour
  2571 | Sewer    | Reached skill level 5 in Fighting
  2571 | Sewer    | Reached skill level 5 in Shields
  3051 | D:4      | Reached skill level 6 in Axes
  3134 | D:4      | Reached XP level 7. HP: 61/61 MP: 6/6
  3165 | D:4      | Found a runed translucent door.
  3165 | D:4      | Noticed Bobbunny's ghost (amateur MfSh)
  3603 | D:5      | Entered Level 5 of the Dungeon
  3648 | D:5      | Found Imacok's General Store.
  3718 | D:5      | Reached skill level 7 in Axes
  4213 | D:6      | Found a staircase to the Ecumenical Temple.
  4232 | Temple   | Entered the Ecumenical Temple
  4252 | Temple   | Became a worshipper of Warmaster Okawaru
  4343 | D:6      | Reached XP level 8. HP: 59/70 MP: 7/7
  4785 | D:7      | Reached skill level 8 in Axes
  4821 | D:7      | Reached * piety under Okawaru
  5173 | D:7      | Identified the +0 ring mail of Gioz {Rampage MP+9 Dex+7}
  5191 | D:7      | Reached skill level 9 in Axes
  5256 | D:7      | Reached XP level 9. HP: 65/79 MP: 8/8
  5389 | D:7      | Reached ** piety under Okawaru
  5416 | D:7      | Noticed a cyclops
  5425 | D:7      | Killed a cyclops
  5433 | D:7      | Reached skill level 10 in Axes
  5789 | D:8      | Noticed a komodo dragon
  5795 | D:8      | Noticed an elephant
  5799 | D:8      | Reached skill level 1 in Throwing
  5799 | D:8      | Reached skill level 1 in Invocations
  5800 | D:8      | Killed a komodo dragon
  5810 | D:8      | Killed an elephant
  5810 | D:8      | Reached *** piety under Okawaru
  5818 | D:8      | Reached XP level 10. HP: 28/89 MP: 10/10
  6005 | D:8      | Reached skill level 11 in Axes
  6261 | D:8      | Found a glowing golden altar of the Shining One.
  6454 | D:8      | Found a staircase to the Lair.
  6706 | Lair:1   | Entered Level 1 of the Lair of Beasts
  6761 | Lair:1   | Noticed a cane toad
  6770 | Lair:1   | Killed a cane toad
  6787 | Lair:1   | Reached skill level 1 in Evocations
  6801 | Lair:1   | Reached **** piety under Okawaru
  6981 | Lair:1   | Reached ***** piety under Okawaru
  6982 | Lair:1   | Reached skill level 12 in Axes
  7003 | Lair:1   | Noticed a cane toad
  7007 | Lair:1   | Killed a cane toad
  7259 | Lair:1   | Reached XP level 11. HP: 87/97 MP: 12/12
  7568 | Lair:2   | Identified the +7 dagger of the Enemy {freeze, rPois}
  7587 | Lair:2   | Noticed an eight-headed hydra
  7633 | Lair:2   | HP: 2/97 [komodo dragon (19)]
  7633 | Lair:2   | Slain by a water moccasin

Illustrated notes

Levels and vault maps discovered:
D:1:      orjb1_lava_funnel, layout_basic, minivault_19, minmay_pentomino_x2
D:2:      minmay_chambers_of_twos, layout_loops_corners
D:3:      minmay_inner_zag, layout_rooms, ashenzari_conservatory_becter,
          nicolae_overflow_two_pavilions, mainiacjoe_overflow_tiny_flanked,
          kennysheep_generic_room_9, uniq_robin
D:4:      layout_cave_pods, cheibrodos_sewer_entry_drain, gammafunk_ghost_grave
D:5:      nicolae_cairo_tiling_large_dashed, layout_loops_ring, serial_shops,
          shop_fountains
D:6:      layout_cave_pools, minmay_temple_entry_drinking_statues,
          serial_column_ruins, column_ruins_open_small,
          column_ruins_columns_straight, column_ruins_columns_plus
D:7:      layout_basic, minmay_manual_mail
D:8:      layout_loops_ring, kennysheep_mini, grunt_lair_entry_orc_guard_hut,
          lemuel_flamethrower_2
Temple:   hellmonk_temple_forest_ring
Lair:1:   layout_cellular_growth, grunt_megastairs_5
Lair:2:   wad_woods_minihive, layout_chaotic_city,
          nicolae_snake_entry_warm_welcome, gauntlet_entry_generic,
          minmay_lair_oklob_items

Skill      XL: |  1  2  3  4  5  6  7  8  9 10 11 |
---------------+----------------------------------+-----
Axes           | 3 4 5 6 7 9 10 12 | 12.2
Shields        | 4 5 6 7 8 9 |  9.3
Fighting       | 4 5 6 7 8 9 |  9.4
Armour         | 4 5 6 7 8 9 |  9.4
Throwing       | 2 3 4 |  4.1
Invocations    | 2 3 4 |  4.0
Evocations     | 2 |  2.5

Action                     |  1- 3 |  4- 6 |  7- 9 | 10-12 || total
---------------------------+-------+-------+-------+-------++-------
  Melee: War axe           |    66 |   217 |   208 |   167 ||   658
         Headbutt          |    13 |    40 |    48 |    29 ||   130
  Throw: Javelin           |       |       |     4 |       ||     4
 Invoke: Heroism           |       |       |     2 |     6 ||     8
    Use: Scroll            |       |       |    13 |     4 ||    17
 Armour: Scale mail        |    27 |       |       |       ||    27
         Chain mail        |    11 |   205 |   166 |       ||   382
         Ring mail         |       |       |    24 |   119 ||   143
  Dodge: Dodged            |    34 |    95 |    93 |    81 ||   303
  Block: Buckler           |    19 |    54 |    66 |    64 ||   203
